AoeStats
← Chiripa605

Arena

508978724Analyzed
4v4 RM · 6d ago on Sep 24, 2026· 41m 54s· 8 players
Game mode
Random Map
Map size
Large (8 player)
Population
200
Speed
Normal
Resources
Standard
Victory
Conquest
Starting age
Dark Age
Ending age
Imperial Age
RankedLock teamsTeams togetherTeam positionsShared explorationLock speedFull tech treeHidden civsTurbo modeCheats
Victory
Defeat
🇧🇴 Malay · Bolivia
1620
+9
🇩🇪 Vietnamese · Germany
1593
+10
🇦🇷 Vikings · Argentina
1495
+13
🇹🇼 Byzantines · Taiwan
1492
+14
🇲🇽 Saracens · Mexico
1487
-13
🇺🇸 Bengalis · United States
1445
-11
🇨🇦 Saxons · Canada
1442
-11
🇺🇸 Lithuanians · United States
1433
-11
Chiripa605
10:29 Feudal Age
14:13 Castle Age
12:28 Double-Bit Axe
13:46 Horse Collar
17:10 Wheelbarrow
19:24 Bow Saw
19:35 Loom
22:11 Heavy Plow
23:28 Hand Cart
23:30 Town Watch
24:11 Gold Mining
24:32 Town Patrol
28:33 Imperial Age
26:24 Bloodlines
26:53 Husbandry
27:22 Scale Barding Armor
28:56 Cavalier
30:18 Chain Barding Armor
30:50 Forging
32:38 Plate Barding Armor
34:01 Conscription
35:13 Two-Man Saw
34:32 Capped Ram
35:16 Paladin
37:02 Iron Casting
37:12 Light Cavalry
Persian Assassin
10:25 Feudal Age
14:33 Castle Age
12:31 Double-Bit Axe
12:27 Horse Collar
15:58 Bow Saw
17:10 Heavy Plow
22:47 Wheelbarrow
22:39 Gold Mining
22:40 Stone Mining
24:25 Hand Cart
24:39 Loom
26:27 Gold Shaft Mining
29:31 Imperial Age
27:21 Scale Mail Armor
27:32 Forging
27:31 Gambesons
28:01 Squires
29:03 Chain Mail Armor
29:35 Elite Varangian Guard
29:38 Shield Wall
30:41 Conscription
30:55 Plate Mail Armor
31:01 Iron Casting
37:16 Fletching
38:07 Bodkin Arrow
39:58 Pikeman
hoffypianoman
10:50 Feudal Age
11:58 Double-Bit Axe
14:21 Castle Age
12:39 Horse Collar
15:53 Bow Saw
16:24 Heavy Plow
22:48 Wheelbarrow
24:31 Hand Cart
28:23 Imperial Age
25:51 Fletching
26:34 Ballistics
26:32 Bodkin Arrow
27:05 Padded Archer Armor
27:18 Gold Mining
28:19 Leather Archer Armor
28:27 Masonry
28:31 Loom
28:32 Town Watch
29:11 Bracer
30:22 Chemistry
28:53 Elite Elephant Archer
29:54 Paiks
31:22 Conscription
30:25 Elite Ratha (Ranged)
32:28 Architecture
33:14 Siege Elephant
37:12 Ring Archer Armor
40:53 Mahayana
40:55 Scale Barding Armor
41:00 Forging
Kanon
10:14 Feudal Age
8:29 Loom
14:45 Castle Age
13:25 Double-Bit Axe
14:30 Horse Collar
15:41 Gold Mining
18:23 Heavy Plow
20:52 Wheelbarrow
21:32 Fervor
26:33 Fletching
30:53 Imperial Age
28:04 Elite Skirmisher
28:40 Bodkin Arrow
29:53 Padded Archer Armor
31:07 Gold Shaft Mining
31:21 Ballistics
31:58 Conscription
32:31 Bracer
KnightLifeAoC
11:09 Feudal Age
15:06 Castle Age
13:14 Double-Bit Axe
13:15 Horse Collar
15:53 Heavy Plow
16:07 Bow Saw
17:15 Wheelbarrow
22:09 Hand Cart
22:08 Gold Mining
22:34 Stone Mining
28:08 Imperial Age
26:24 Scale Barding Armor
26:30 Forging
26:34 Loom
26:34 Town Watch
27:50 Chain Barding Armor
28:33 Iron Casting
28:01 Chatras
28:18 Elite Battle Elephant
29:00 Husbandry
29:15 Bloodlines
30:06 Town Patrol
30:38 Crop Rotation
31:09 Two-Man Saw
29:52 Capped Ram
33:35 Plate Barding Armor
35:14 Fletching
40:09 Coinage
39:54 Guilds
40:47 Chemistry
39:45 Bodkin Arrow
41:02 Bracer
Roooooooo
10:43 Feudal Age
11:38 Double-Bit Axe
14:26 Castle Age
12:33 Horse Collar
15:32 Bow Saw
17:43 Loom
21:14 Wheelbarrow
22:03 Heavy Plow
24:42 Hand Cart
24:47 Gold Mining
25:05 Treadmill Crane
28:29 Imperial Age
26:20 Scale Mail Armor
25:56 Pikeman
26:37 Squires
26:23 Arson
27:21 Chain Mail Armor
27:16 Forging
28:33 Fletching
30:10 Chemistry
29:31 Ballistics
28:36 Halberdier
28:47 Elite Skirmisher
29:32 Thumb Ring
30:25 Plate Mail Armor
30:30 Iron Casting
29:52 Bodkin Arrow
29:58 Padded Archer Armor
30:24 Conscription
31:13 Bracer
31:32 Leather Archer Armor
34:14 Ring Archer Armor
35:03 Imperial Skirmisher
37:07 Two-Man Saw
38:10 Coinage
Kupuka
11:06 Feudal Age
15:02 Castle Age
12:50 Double-Bit Axe
12:56 Horse Collar
15:56 Bow Saw
15:51 Heavy Plow
20:49 Stone Mining
21:38 Town Watch
24:05 Loom
27:00 Imperial Age
24:47 Forging
24:37 Scale Mail Armor
24:45 Gold Mining
24:47 Treadmill Crane
25:17 Masonry
26:16 Iron Casting
25:07 Pikeman
25:33 Arson
25:57 Squires
26:32 Scale Barding Armor
26:42 Chain Mail Armor
27:13 Capped Ram
28:57 Conscription
30:10 Heavy Scorpion
30:52 Fletching
32:27 Blast Furnace
31:57 Plate Mail Armor
32:42 Gold Shaft Mining
34:04 Chemistry
36:00 Plate Mail Armor
36:17 Bodkin Arrow
35:51 Siege Ram
37:17 Chieftains
38:17 Bracer
40:12 Siege Engineers
41:01 Elite Varangian Guard
到
8:27 Feudal Age
8:03 Double-Bit Axe
7:58 Horse Collar
15:38 Castle Age
15:52 Bow Saw
18:22 Wheelbarrow
21:44 Loom
26:27 Imperial Age
24:09 Gold Mining
24:26 Crossbowman
24:57 Fletching
26:05 Ballistics
26:40 Bodkin Arrow
27:53 Thumb Ring
28:03 Arbalester
30:19 Chemistry
30:25 Conscription
31:07 Gold Shaft Mining
31:51 Forging
31:46 Bracer
32:09 Heavy Plow
32:35 Padded Archer Armor
32:46 Forging
33:14 Elite Karambit Warrior
35:21 Iron Casting
35:06 Hand Cart
36:16 Squires
35:37 Man-at-Arms
36:03 Arson
37:36 Blast Furnace
36:45 Long Swordsman
37:51 Forced Levy
37:48 Two-Handed Swordsman
39:03 Elite Skirmisher
40:08 Leather Archer Armor
39:49 Imperial Skirmisher
40:37 Town Watch
40:29 Pikeman
41:22 Siege Engineers
41:41 Masonry
41:27 Murder Holes
41:56 Treadmill Crane
Connection lost

Rejoining the realm…

Still unreachable

The connection could not be restored.

Session expired

The server has moved on; the page needs a fresh start.